[Event "3rd BSSZ-Aranytiz GM 2019"]
[Site "Budapest"]
[Date "2019.08.25"]
[Round "9.4"]
[White "Polyik, Peter"]
[Black "Csonka, Balazs"]
[Result "0-1"]
[ECO "D02"]
[WhiteElo "2328"]
[BlackElo "2472"]
[Annotator "ChessBase"]
[PlyCount "72"]
[EventDate "2019.08.16"]
[EventType "tourn"]
[EventCountry "HUN"]
[SourceTitle "playchess.com"]
[Source "ChessBase"]
[SourceQuality "1"]
[TimeControl "40/5400+30:1800+30"]

1. d4 Nf6 2. Nf3 d5 3. Bf4 c5 4. e3 Nc6 5. Nbd2 e6 6. c3 Bd6 7. Bg3 O-O 8. Bd3 b6 9. Qe2 Bb7 10. Rd1 h6 11. e4 Bxg3 12. hxg3 cxd4 13. cxd4 Nb4 14. e5 Nxd3+ 15. Qxd3 Ne4 16. Qe3 Rc8 17. Rxh6 gxh6 18. Qxh6 Qe7 19. Nxe4 dxe4 20. Ng5 f6 21. Qg6+ Qg7 22. Qxg7+ Kxg7 23. Nxe6+ Kf7 24. Nxf8 Kxf8 25. exf6 Bd5 26. Kd2 Kf7 27. Rh1 Kxf6 28. b3 Kg6 29. Rc1 Rxc1 30. Kxc1 b5 31. Kd2 b4 32. Ke3 a5 33. f3 Bxb3 34. fxe4 Bxa2 35. Kd2 a4 36. Kc2 a3 0-1